 Dungeon Crawl Stone Soup version 0.31-a0-1-g4198be8af4 (webtiles) character file.

Game seed: 18344005181577653024

112 bande the Covered (level 4, 0/29 HPs)
             Began as a Gargoyle Fighter on May 3, 2023.
             Slain by a gnoll
             ... wielding a +4 halberd of venom
              (10 damage)
             ... on level 3 of the Dungeon.
             The game lasted 00:02:16 (1670 turns).

bande the Covered (Gargoyle Fighter)                Turns: 1670, Time: 00:02:16

Health: 0/29       AC: 13    Str: 20    XL:     4   Next: 93%
Magic:  4/4        EV:  7    Int:  8    God:
Gold:   119        SH:  4    Dex: 11    Spells: 3/3 levels left

rFire   . . .        a - +0 war axe
rCold   . . .        c - +0 buckler
rNeg    + . .        r - +0 chain mail
rPois   ∞            (no helmet)
rElec   +            (no cloak)
rCorr   .            (no gloves)
SInv    .            (no boots)
Will    .....        (no amulet) Stlth
                     (no ring)
HPRegen 0.24/turn    (no ring)
MPRegen 0.09/turn

%: no passive effects
@: no status effects
A: sickness immunity, AC +3, negative energy resistance 1, electricity
resistance, torment resistance 1, petrification resistance
a: no special abilities


You were on level 3 of the Dungeon.
You visited 1 branch of the dungeon, and saw 3 of its levels.

You collected 119 gold pieces.

Inventory:

Hand Weapons
 a - a +0 war axe (weapon)
Missiles
 l - a throwing net (quivered)
Armour
 c - a +0 buckler (worn)
 r - a +0 chain mail (worn)
Scrolls
 b - a scroll of identify {unknown}
 g - a scroll of magic mapping {unknown}
 h - a scroll of fog {unknown}
 i - a scroll of enchant weapon {unknown}
 m - a scroll of brand weapon {unknown}
 n - a scroll of silence {unknown}
 o - a scroll of noise {unknown}
 p - 3 scrolls of amnesia {unknown}
 q - a scroll of butterflies {unknown}
Potions
 d - a potion of might
 e - 2 potions of resistance {unknown}
 f - 2 potions of heal wounds {unknown}
 j - 2 potions of degeneration {unknown}
 k - 2 potions of ambrosia {unknown}


   Skills:
 + Level 3.7 Fighting
 + Level 3.0 Axes
 + Level 4.5 Armour
 + Level 3.7 Shields


You had 3 spell levels left.
You didn't know any spells.
Your spell library contained the following spells:

 Spells                   Type           Power      Damage    Failure   Level
 Gell's Gravitas          Tloc           0%         N/A       100%        3
 Teleport Other           Tloc           0%         N/A       100%        3
 Dispersal                Tloc           0%         N/A       100%        6


Dungeon Overview and Level Annotations

Branches:
Dungeon (3/15)

Altars:


Innate Abilities, Weirdness & Mutations

You are immune to sickness and miasma.
Your stone body is resilient. (AC +3)
You are immune to poison.
You resist negative energy. (rN+)
You are resistant to electric shocks. (rElec)
You are resistant to unholy torment.
You are immune to petrification.


Message History

You hit the gnoll.
The gnoll is lightly wounded.
You hit the gnoll. The gnoll hits you but does no damage.
The gnoll hits you with a +0 spear.
You hit the gnoll.
The gnoll is heavily wounded.
You hit the gnoll. The gnoll barely misses you. The gnoll closely misses you.
The gnoll barely misses you. The gnoll hits you but does no damage.
You block the gnoll's attack.
You slash the gnoll!
You kill the gnoll!
You hit the gnoll. The gnoll completely misses you.
The gnoll hits you but does no damage.
You slash the gnoll!
You kill the gnoll!
You hit the gnoll. The gnoll barely misses you. x2
You barely miss the gnoll.
The gnoll is heavily wounded.
You block the gnoll's attack.
The gnoll hits you from afar with a +4 halberd of venom.
The gnoll hits you with a +0 flail! The gnoll barely misses you.
You hit the gnoll.
The gnoll is almost dead.
The gnoll barely misses you. x2
You hit the gnoll but do no damage.
The gnoll is almost dead.
The gnoll barely misses you. x2
You slash the gnoll!
You kill the gnoll!
The gnoll barely misses you.
The gnoll hits you from afar with a +4 halberd of venom!
Your Axes skill increases to level 3!
You are too injured to fight recklessly!
You are too injured to fight recklessly!
You are too injured to fight recklessly!
You are too injured to fight recklessly!
You block the gnoll's attack.
You barely miss the gnoll.
The gnoll hits you with a +4 halberd of venom!
You die...

#.# #.# #.# #.# #+##
####.### ##...##
......# ##.....##
..##).#.###.......##
##.#...#.##.))......#
...........'..@g.....+
###.#.....##..$......#
#.#......##.......##
#........###>.^..##
####.....# ##...##
##...## #+## ##.##
#.### #.# #...
#.#######.#### #


You could see a gnoll.

Vanquished Creatures
  An orc wizard (D:2)
  3 gnolls (D:3)
  2 adders (D:2)
  A worm (D:2)
  4 orcs
  3 giant cockroaches (D:2)
  3 hobgoblins
  A quokka (D:1)
  3 ball pythons (D:2)
  6 bats
  2 frilled lizards
  2 goblins
  2 kobolds
  7 rats
40 creatures vanquished.

Notes
Turn   | Place    | Note
-------+----------+-------------------------------------------
     0 | D:1      | bande the Gargoyle Fighter began the quest for the Orb.
     0 | D:1      | Reached XP level 1. HP: 14/14 MP: 1/1
   129 | D:1      | Reached XP level 2. HP: 18/19 MP: 2/2
   522 | D:2      | Reached XP level 3. HP: 21/23 MP: 3/3
   779 | D:2      | Found a faded altar of an unknown god.
  1372 | D:2      | Reached skill level 4 in Armour
  1372 | D:2      | Reached XP level 4. HP: 14/29 MP: 4/4
  1670 | D:3      | Slain by a gnoll

Illustrated notes

Levels and vault maps discovered:
D:1:      ncdulo_smallfort, layout_rooms
D:2:      layout_rooms, shapermc_ecumenical_altar_notcrosses
D:3:      lemuel_castle_with_subvaults [lemuel_castle_interior_original],
          layout_loops_corners, nzn_wu_jian_contemplation,
          grunt_temple_overflow_open, gammafunk_ghost_nasty_kobolds

Skill      XL: |  1  2  3  4 |
---------------+-------------+-----
Axes           | 2 3 |  3.0
Armour         | 4 |  4.5
Fighting       | |  3.7
Shields        | |  3.7

Action                     |  1- 3 |  4- 6 || total
---------------------------+-------+-------++-------
  Melee: War axe           |   103 |    29 ||   132
 Armour: Scale mail        |    64 |       ||    64
         Chain mail        |    17 |    27 ||    44
  Dodge: Dodged            |    61 |    21 ||    82
  Block: Buckler           |    25 |     7 ||    32

Table legend: (Time is in decaauts)
 A = Elapsed time spent in this place.
 B = Non-inter-level travel time spent in this place.
 C = Inter-level travel time spent in this place.
 D = Time resting spent in this place.
 E = Time spent auto-exploring this place.
 F = Levels seen in this place.
 G = Mean time per level.
                   A        B        C        D        E       F      G
               +--------+--------+--------+--------+--------+-----+--------+
         Total |   1727 |   1694 |     33 |    464 |    795 |   3 |  575.7 |
       Dungeon |   1727 |   1694 |     33 |    464 |    795 |   3 |  575.7 |
               +--------+--------+--------+--------+--------+-----+--------+

Top non-repeatable levels by time:
     D:2: 1025 daAuts
     D:1: 505 daAuts
     D:3: 196 daAuts
